 Dungeon Crawl Stone Soup version 0.31-a0-1002-g8e65716e6e (webtiles) character file.

Game seed: 15680137251497535944

67 Malachi the Ruffian (level 4, -2/33 HPs)
             Began as a Djinni Shapeshifter on Nov 9, 2023.
             Was a Believer of Qazlal.
             Slain by an orc priest
             ... wielding a +0 hand axe
              (3 damage)
             ... on level 2 of the Dungeon.
             The game lasted 00:02:09 (1431 turns).

Malachi the Ruffian (Djinni Shapeshifter)           Turns: 1431, Time: 00:02:09

Health: -2/33      AC: 10    Str: 13    XL:     4   Next: 40%
Gold:   136        EV: 10    Int: 14    God:    Qazlal [**....] SH:  2 Dex: 18

rFire   + +          .
                       - Unarmed
rCold   x . .        (no shield)
rNeg    . . .        g - +0 scale mail
rPois   ∞            (helmet currently unavailable)
rElec   .            (cloak currently unavailable)
rCorr   .            (gloves currently unavailable)
SInv    .            (boots unavailable)
Will    .....        (no amulet) Stlth
                     e - +6 ring of dexterity
HPRegen 0.25/turn    a - +4 ring of protection
MPRegen 0.00/turn

%: infuse magic (-3 HP)
@: beast-form, flying
A: beast (slay +1), flying, sickness immunity, fire resistance 2, cold
vulnerability 1, float, innate caster, HP casting, extra vitality 1
a: Begin Untransformation, Renounce Religion, Upheaval


You were on level 2 of the Dungeon.
You worshipped Qazlal.
Qazlal was pleased with you.
You were a hulking beast.
You visited 1 branch of the dungeon, and saw 2 of its levels.

You collected 136 gold pieces.

Inventory:

Armour
 g - a +0 scale mail (worn)
 h - a scarf of shadows
Jewellery
 a - a +4 ring of protection (right hand)
 e - a +6 ring of dexterity (left hand)
Talismans
 c - a beast talisman
 d - a flux talisman
Scrolls
 f - a scroll of identify {unknown}
 j - a scroll of torment {unknown}
Potions
 b - a potion of lignification
 i - a potion of brilliance {unknown}


   Skills:
 + Level 2.0 Fighting
 + Level 3.0 Dodging
 + Level 3.5 Unarmed Combat
 + Level 3.1 Shapeshifting


You knew the following spells:

 Your Spells              Type           Power      Damage    Failure   Level
a - Slow                  Hex            0%         N/A       82%         1
Your spell library was empty.

Dungeon Overview and Level Annotations

Branches:
Dungeon (2/15)

Altars:
Qazlal

Shops:
D:1 [


Innate Abilities, Weirdness & Mutations

You are a hulking beast.
Your limbs bulge with bestial killing power. (Slay +1)
You are flying.
You are immune to sickness and miasma.
You are immune to poison.
Your flesh is very heat resistant. (rF++)
You are vulnerable to cold. (rC-)
You float through the air rather than walking.
You learn spells naturally, not from books.
Your magical power is your life essence.
You have superior vitality. (+4 MHP)


Message History

You are too confused!
Unknown command.
You bump into the rock wall.
The orc wizard points at you and mumbles some strange words.
You resist with some effort.
The orc priest invokes the aid of Beogh against you.
Beogh smites you! The orc hits you but does no damage.
The orc wizard casts a spell at you.
The magic dart hits you but does no damage.
The orc priest hits you but does no damage.
You bump into the rock wall.
The orc closely misses you. The orc priest barely misses you.
You're too confused to move!
You feel less confused. The orc hits you but does no damage.
The orc wizard hits you with a +0 dagger.
The orc hits you but does no damage.
The orc priest invokes the aid of Beogh against you.
Pain shoots through your body!
* * * LOW HITPOINT WARNING * * *
You hit the orc priest.
The orc priest is lightly wounded.
The orc barely misses you.
The orc wizard hits you but does no damage.
The orc hits you with a +0 mace.
* * * LOW HITPOINT WARNING * * *
The orc priest hits you but does no damage.
You hit the orc priest.
The orc priest is lightly wounded.
The orc hits you with a +0 hand axe.
* * * LOW HITPOINT WARNING * * *
The orc wizard barely misses you. The orc closely misses you.
The orc priest hits you but does no damage.
You completely miss the orc priest.
The orc priest is lightly wounded.
You block the orc's attack. The orc wizard closely misses you.
The orc hits you but does no damage.
The orc priest hits you with a +0 hand axe.
You die...

#.....# #. #.....# ##
##....# ######### #....#
..$.....# #....######
........# #..........
.....?..# #####.#####
......oo# #......
......oh############....
......o............#....
...............#........
#####..........#.#.##...
#............#......
#..........#####....
#.................).
#.........#######...
#.........###.#.....


You could see an orc priest, an orc wizard and 2 orcs.

Vanquished Creatures
  An adder (D:2)
  2 dart slugs (D:2)
  4 endoplasms
  5 giant cockroaches
  7 hobgoblins
  A jackal (D:2)
  5 quokkas
  6 ball pythons
  7 bats
  A frilled lizard (D:1)
  4 kobolds
  5 rats
48 creatures vanquished.

Notes
Turn   | Place    | Note
-------+----------+-------------------------------------------
     0 | D:1      | Malachi the Djinni Shapeshifter began the quest for the
                  | Orb.
     0 | D:1      | Reached XP level 1. HP: 17/17 MP: 0/0
   140 | D:1      | Reached XP level 2. HP: 21/22 MP: 0/0
   330 | D:1      | Found Sehifimn's Antique Armour Shoppe.
   436 | D:1      | Reached XP level 3. HP: 18/27 MP: 0/0
   436 | D:1      | Learned a level 1 spell: Slow
   682 | D:1      | Found a faded altar of an unknown god.
   793 | D:1      | Prayed at the altar of an unknown god.
   793 | D:1      | Became a worshipper of Qazlal Stormbringer
   793 | D:1      | Reached * piety under Qazlal
  1041 | D:2      | Reached XP level 4. HP: 32/33 MP: 0/0
  1281 | D:2      | Reached ** piety under Qazlal
  1430 | D:2      | HP: 1/33 [orc/+0 hand axe (1)]
  1431 | D:2      | Slain by an orc priest

Illustrated notes

Levels and vault maps discovered:
D:1:      lemuel_arrival_tunnels, layout_loops_ring, serial_shops,
          nicolae_shop_gibbet_a_chance, ebering_ecumenical_altar_mist,
          minmay_tetromino_s4
D:2:      layout_basic, minmay_distorted

Skill      XL: |  1  2  3  4 |
---------------+-------------+-----
Shapeshifting  | 3 |  3.1
Fighting       | 2 |  2.0
Dodging        | 3 |  3.0
Unarmed Combat | |  3.5

Action                     |  1- 3 |  4- 6 || total
---------------------------+-------+-------++-------
  Melee: Unarmed           |   105 |    39 ||   144
         Punch             |     4 |       ||     4
 Armour: Animal skin       |     6 |       ||     6
         Leather armour    |    22 |       ||    22
         Scale mail        |    31 |    27 ||    58
  Dodge: Dodged            |    93 |    27 ||   120
  Block: Other             |       |     2 ||     2

Table legend: (Time is in decaauts)
 A = Elapsed time spent in this place.
 B = Non-inter-level travel time spent in this place.
 C = Inter-level travel time spent in this place.
 D = Time resting spent in this place.
 E = Time spent auto-exploring this place.
 F = Levels seen in this place.
 G = Mean time per level.
                   A        B        C        D        E       F      G
               +--------+--------+--------+--------+--------+-----+--------+
         Total |   1421 |   1363 |     58 |      0 |   1039 |   2 |  710.5 |
       Dungeon |   1421 |   1363 |     58 |      0 |   1039 |   2 |  710.5 |
               +--------+--------+--------+--------+--------+-----+--------+

Top non-repeatable levels by time:
     D:1: 907 daAuts
     D:2: 514 daAuts
